 Dungeon Crawl Stone Soup version 0.22-a0-515-g75794bf (webtiles) character file.

681 inc the Ducker (level 7, -1/48 HPs)
             Began as a Merfolk Transmuter on June 19, 2018.
             Slain by a big kobold
             ... wielding a +2 whip of electrocution
              (19 damage)
             ... in a sewer.
             The game lasted 00:08:19 (4495 turns).

inc the Ducker (Merfolk Transmuter)                 Turns: 4495, Time: 00:08:20

Health: -1/48      AC:  2    Str: 10    XL:     7   Next: 61%
Magic:  8/10       EV: 26    Int: 15    God:
Gold:   158        SH:  0    Dex: 19    Spells: 6/10 levels left

rFire    . . .     SeeInvis .     - Unarmed
rCold    . . .     Gourm    .   (shield currently unavailable)
rNeg     . . .     Faith    .   (armour currently unavailable)
rPois    x         Spirit   .   (helmet currently unavailable)
rElec    .         Reflect  .   (cloak currently unavailable)
rCorr    .         Harm     .   (gloves currently unavailable)
MR       .....                  (boots currently unavailable)
Stlth    ++........             (no amulet)
HPRegen  0.16/turn              r - ring of flight
MPRegen  0.12/turn              (no ring)

@: spider-form
A: tiny, (change form in water), (swift swim), (stealthy swim)
a: End Transformation, Evoke Flight


You were in a sewer.
You were hungry.
You were a venomous arachnid creature.
You visited 1 branch of the dungeon, and saw 5 of its levels.
You also visited: Sewer.

You collected 158 gold pieces.

Inventory:

Missiles
 a - 63 arrows
Armour
 b - a +0 robe (melded)
Jewellery
 r - a ring of flight (left front leg)
Wands
 o - a wand of acid (6)
Scrolls
 f - 2 scrolls of enchant armour {unknown}
 i - a scroll of remove curse {unknown}
 j - 3 scrolls of teleportation {unknown}
 l - 3 scrolls of fear {unknown}
 m - a scroll of magic mapping {unknown}
 p - a scroll of blinking {unknown}
 q - a scroll of identify {unknown}
Potions
 c - 2 potions of magic {unknown}
 e - 3 potions of haste
 g - a potion of cancellation {unknown}
 h - 2 potions of heal wounds {unknown}
 k - a potion of agility {unknown}
 n - a potion of lignification {unknown}
 s - a potion of curing
 t - a potion of brilliance {unknown}
Comestibles
 d - 8 rations


   Skills:
 - Level 1.1 Fighting
 + Level 7.0 Dodging
 - Level 6.4 Unarmed Combat
 - Level 2.0 Spellcasting
 - Level 5.6 Transmutations


You had 6 spell levels left.
You knew the following spells:

 Your Spells              Type           Power        Failure   Level  Hunger
a - Beastly Appendage     Tmut           ###...       9%          1    #......
b - Spider Form           Tmut/Pois      #.........   43%         3    ###....

Your spell library contained the following spells:

 Spells                   Type           Power        Failure   Level  Hunger
 Blade Hands              Tmut           ###.......   73%         5    ######.
 Ice Form                 Ice/Tmut       #.......     77%         4    #####..
 Sticks to Snakes         Tmut           ###.....     11%         2    ###....


Dungeon Overview and Level Annotations

Branches:
Dungeon (5/15)
 Temple: D:4-7

Altars:
Elyvilon
Zin
The Shining One

Annotations:
D:4 1 runed door, junkhipster's ghost, novice FoFi


Message History

You hit the big kobold but do no damage.
The big kobold looks as sick as possible!
The big kobold is lightly wounded.
You bite the big kobold!
The big kobold looks as sick as possible!
The big kobold is moderately wounded.
The big kobold hits you but does no damage.
You are electrocuted!
You barely miss the big kobold.
The big kobold is moderately wounded.
The big kobold misses you.
You hit the big kobold.
The big kobold looks as sick as possible!
The big kobold is heavily wounded.
The big kobold splashes around in the water.
You barely miss the big kobold.
The big kobold is heavily wounded.
The big kobold hits you with a whip of electrocution.
You are electrocuted!
You die...

####### #.≈≈≈≈#####
#####..≈(≈#######
#.)≈≈(###.≈.≈...## .
####### #≈≈≈≈≈≈..# #≈≈
#.≈≈≈≈###≈..≈..≈.####≈≈
#Ks≈≈≈####...≈##...
#.≈≈≈≈##### ##≈≈≈≈≈≈..
###### ##≈≈....≈
#≈≈≈≈.≈. #≈≈≈≈≈≈.
#.≈.≈.≈. #######
##.≈.≈≈.. #.≈≈≈≈#####
##≈≈≈≈.≈..
#####.≈≈≈≈####....##≈.≈


You could see a big kobold.

Vanquished Creatures
  2 big kobolds (Sewer)
  A crimson imp (D:4)
  2 hounds (D:3)
  An orc priest (D:4)
  2 orc wizards (D:4)
  2 worker ants
  4 gnolls (D:2)
  10 adders
  A river rat (D:5)
  6 oozes
  An adder skeleton (D:4)
  7 worms
  6 dart slugs
  2 leopard geckos
  11 orcs
  6 ball pythons
  9 bats
  5 giant cockroaches
  6 goblins
  8 hobgoblins
  4 jackals (D:4)
  5 kobolds
  2 quokkas
  8 frilled lizards
  A jackal zombie (D:4)
  11 rats
123 creatures vanquished.

Notes
Turn   | Place    | Note
-------+----------+-------------------------------------------
     0 | D:1      | inc the Merfolk Transmuter began the quest for the Orb.
     0 | D:1      | Reached XP level 1. HP: 15/15 MP: 3/3
   340 | D:1      | Reached XP level 2. HP: 21/21 MP: 3/5
   504 | D:1      | Reached XP level 3. HP: 21/26 MP: 4/6
   718 | D:1      | Reached skill level 5 in Transmutations
  1149 | D:2      | Reached XP level 4. HP: 8/32 MP: 7/7
  1165 | D:2      | HP: 1/32 [poisoned by an adder]
  1476 | D:2      | Learned a level 3 spell: Spider Form
  1641 | D:2      | Reached XP level 5. HP: 37/37 MP: 4/8
  2166 | D:3      | Reached skill level 5 in Unarmed Combat
  2387 | D:3      | Reached XP level 6. HP: 41/43 MP: 5/9
  2834 | D:4      | Found a runed door.
  2837 | D:4      | Noticed junkhipster's ghost (novice FoFi)
  3061 | D:4      | Reached skill level 3 in Dodging
  3178 | D:4      | Reached skill level 4 in Dodging
  3291 | D:4      | Found a white marble altar of Elyvilon.
  3291 | D:4      | Found a glowing silver altar of Zin.
  3291 | D:4      | Found a glowing golden altar of the Shining One.
  3642 | D:5      | Entered Level 5 of the Dungeon
  3650 | D:4      | Reached XP level 7. HP: 43/48 MP: 3/10
  3741 | D:5      | Reached skill level 5 in Dodging
  3966 | D:5      | Found a glowing golden altar of the Shining One.
  3985 | D:5      | Found a glowing drain.
  4029 | Sewer    | Entered a sewer
  4333 | Sewer    | Reached skill level 6 in Dodging
  4488 | Sewer    | Reached skill level 7 in Dodging
  4495 | Sewer    | Slain by a big kobold

Vault maps used:
D:1:      evilmike_arrival_rings
D:3:      first_ration
D:4:      good_gods_mini_temple, gammafunk_ghost_grave, item_on_display_b
D:5:      minmay_overflow_temple_hex, portal_sewer_entry_b, basic_altar
Sewer:    sewer_co_tree

Skill      XL: |  1  2  3  4  5  6  7 |
---------------+----------------------+-----
Transmutations | 3 4 5 |  5.6
Unarmed Combat | 4 5 6 |  6.4
Dodging        | 4 7 |  7.0
Fighting       | |  1.1
Spellcasting   | |  2.0

Action                   |  1- 3 |  4- 6 |  7- 9 || total
-------------------------+-------+-------+-------++-------
Melee: Unarmed           |    97 |   188 |    89 ||   374
       Headbutt          |    13 |     4 |       ||    17
       Punch             |     2 |     1 |       ||     3
       Tailslap          |       |       |     1 ||     1
 Cast: Beastly Appendage |    18 |     7 |       ||    25
       Spider Form       |       |    28 |    11 ||    39
 Stab: Sleeping          |     1 |     1 |       ||     2
  Eat: Chunk             |       |    14 |     4 ||    18
Armor: Robe              |     7 |     6 |       ||    13
       Skin              |       |     2 |     6 ||     8
Dodge: Dodged            |    66 |   144 |    67 ||   277

Table legend:
 A = Spawn XP
 B = Non-spawn XP
 C = Spawn XP percentage of total XP
 D = Spawn monster count
 E = Non-spawn monster count
 F = Spawn count percentage of total count
 G = Total turns spent on level
                    A         B        C        D         E        F      G
               +---------+---------+-------+---------+---------+-------+---------
         Total |       0 |     973 |   0.0 |       0 |     123 |   0.0 |  4495
               +---------+---------+-------+---------+---------+-------+---------
           D:1 |       0 |      70 |   0.0 |       0 |      30 |   0.0 |  1161
           D:2 |       0 |     126 |   0.0 |       0 |      25 |   0.0 |   819
           D:3 |       0 |     155 |   0.0 |       0 |      23 |   0.0 |   710
           D:4 |       0 |     270 |   0.0 |       0 |      23 |   0.0 |  1185
           D:5 |       0 |      87 |   0.0 |       0 |      10 |   0.0 |   154
         Sewer |       0 |     265 |   0.0 |       0 |      12 |   0.0 |   466
               +---------+---------+-------+---------+---------+-------+---------
